AoeStats
← arizaa85

Black Forest

506894480Analyzed
1v1 RM · 16d ago on Sep 15, 2026· 51m 31s· 2 players
Game mode
Random Map
Map size
Tiny (2 player)
Population
200
Speed
Normal
Resources
Standard
Victory
Conquest
Starting age
Dark Age
Ending age
Imperial Age
RankedLock teamsTeams togetherTeam positionsShared explorationLock speedFull tech treeHidden civsTurbo modeCheats
Victory
Defeat
🇪🇸 Saracens · Spain
410
+17
🇹🇷 Japanese · Türkiye
426
-24
mbartolomeabogado
12:47 Feudal Age
14:11 Wheelbarrow
13:44 Double-Bit Axe
13:44 Horse Collar
22:25 Castle Age
20:50 Bloodlines
20:50 Scale Barding Armor
20:57 Forging
23:25 Hand Cart
23:26 Bow Saw
23:27 Heavy Plow
33:07 Imperial Age
30:20 Man-at-Arms
31:06 Squires
31:44 Long Swordsman
32:35 Scale Mail Armor
34:36 Iron Casting
35:07 Two-Man Saw
36:12 Elite Mameluke
38:07 Ballistics
37:11 Two-Handed Swordsman
39:13 Blast Furnace
40:11 Chemistry
41:53 Counterweights
41:47 Murder Holes
45:30 Chain Mail Armor
47:44 Chain Barding Armor
47:33 Champion
51:03 Bimaristan
arizaa85
1:19 Loom
14:49 Feudal Age
16:27 Wheelbarrow
15:39 Town Watch
16:21 Double-Bit Axe
17:01 Horse Collar
22:58 Gold Mining
23:12 Arson
22:50 Man-at-Arms
30:48 Castle Age
29:37 Scale Barding Armor
29:44 Forging
29:36 Scale Mail Armor
29:39 Padded Archer Armor
29:31 Fletching
31:56 Hand Cart
31:43 Town Patrol
31:55 Heavy Plow
32:49 Gold Shaft Mining
33:05 Bow Saw
33:17 Husbandry
34:03 Squires
33:51 Gambesons
33:30 Long Swordsman
37:37 Chain Barding Armor
37:54 Iron Casting
37:35 Chain Mail Armor
37:36 Leather Archer Armor
37:23 Bodkin Arrow
42:03 Thumb Ring
41:41 Crossbowman
42:47 Bloodlines
43:27 Ballistics
43:33 Masonry
43:08 Treadmill Crane
43:41 Fortified Wall
46:42 Imperial Age
45:16 Light Cavalry
45:35 Elite Skirmisher
50:00 Two-Handed Swordsman
50:34 Crossbowman
Connection lost

Rejoining the realm…

Still unreachable

The connection could not be restored.

Session expired

The server has moved on; the page needs a fresh start.